 Dungeon Crawl Stone Soup version 0.30-a0-359-gd0147acb1a (webtiles) character file.

Game seed: 1427100206750697652

43 gamesnag the Chopper (level 3, -2/33 HPs)
             Began as a Minotaur Berserker on Nov 11, 2022.
             Was a Believer of Trog.
             Slain by an orc
             ... wielding the +7 quarterstaff "Ypseikh" {vorpal, rC+}
              (5 damage)
             ... on level 3 of the Dungeon.
             The game lasted 00:02:02 (888 turns).

gamesnag the Chopper (Minotaur Berserker)            Turns: 888, Time: 00:02:03

Health: -2/33      AC:  2    Str: 23    XL:     3   Next: 37%
Magic:  2/2        EV: 12    Int:  4    God:    Trog [**....]
Gold:   63         SH:  0    Dex:  9    Spells: 2/2 levels left

rFire   . . .      SeeInvis .    a - +0 hand axe
rCold   . . .      Faith    .    (no shield)
rNeg    . . .      Spirit   .    b - +0 animal skin
rPois   .          Reflect  .    (helmet restricted)
rElec   .          Harm     .    (no cloak)
rCorr   .          Rampage  .    (no gloves)
Will    .....                    (no boots)
Stlth   +.........               (no amulet)
HPRegen 0.25/turn                (no ring)
MPRegen 0.08/turn                (no ring)

@: very slow
A: horns 2, retaliatory headbutt
a: Renounce Religion, Berserk, Trog's Hand


You were on level 3 of the Dungeon.
You worshipped Trog.
Trog was pleased with you.
You visited 1 branch of the dungeon, and saw 3 of its levels.

You collected 63 gold pieces.

Inventory:

Hand Weapons
 a - a +0 hand axe (weapon)
Armour
 b - a +0 animal skin (worn)
Jewellery
 f - a +4 ring of protection
Scrolls
 c - a scroll of identify {unknown}
 g - a scroll of teleportation {unknown}
 k - a scroll of summoning {unknown}
Potions
 d - 2 potions of cancellation {unknown}
 e - a potion of haste {unknown}
 h - a potion of invisibility {unknown}
 i - 2 potions of degeneration {unknown}
 j - a potion of berserk rage {unknown}


   Skills:
 + Level 4.2 Fighting
 + Level 4.4 Axes
 + Level 2.7 Armour
 + Level 2.5 Dodging
 + Level 0.2 Stealth


You had 2 spell levels left.
You didn't know any spells.
Your spell library was empty.

Dungeon Overview and Level Annotations

Branches:
Dungeon (3/15)

Altars:


Innate Abilities, Weirdness & Mutations

You have a pair of horns on your head.
You reflexively headbutt those who attack you in melee.


Message History

You closely miss the adder. The adder barely misses you.
You furiously retaliate!
You headbutt the adder. The adder misses you.
An adder is nearby!
You slash the adder!
You kill the adder!
Trog accepts your kill.
Found a stone staircase leading down.
Key pressed, stopping explore.
No target in view!
You hear the slow rusting of a drain nearby.
Found a dagger.
No target in view!
You enter the shallow water.
Moving in this stuff is going to be slow.
An orc wizard comes into view. It is wielding a +0 club.
Found a dagger.
An orc comes into view.
It is wielding the +7 quarterstaff "Ypseikh" {vorpal, rC+}.
There are monsters nearby!
The orc shouts!
You hear a shout!
There are monsters nearby!
An orc priest comes into view.
It is wielding a +0 short sword of draining.
There are monsters nearby!
You enter the shallow water.
Moving in this stuff is going to be slow.
An orc comes into view.
It is wielding a +0 hand axe of distortion.
Found a leather armour.
The orc shouts!
The orc priest calls down the wrath of Beogh upon you.
Beogh smites you! The orc wizard hits you with a +0 club.
Your unstable footing causes you to fumble your attack.
The orc wizard misses you.
You hit the orc wizard.
The orc wizard is lightly wounded.
The orc wizard hits you but does no damage.
You hit the orc wizard.
The orc wizard is moderately wounded.
The orc wizard misses you.
The orc hits you with the +7 quarterstaff "Ypseikh" {vorpal, rC+}!
* * * LOW HITPOINT WARNING * * *
You die...

.................
###.....#........#
#..###.#........###
##......#..........
#.......#........#
...#.....###.#...####
........≈..~≈...≈~...
...#.....#.♣~~.~.♣#
.........~~~..@o~~#
...##...~~~~~o~~~≈o#
.# #...♣~..♣#~~~o..#
##..~≈..~~.~.≈#...
....♣~~..~♣.~~)...
......~..~~ ...#.#.
......~.).~..♣##[#
........##### #


You could see an orc priest, an orc wizard and 2 orcs.

Vanquished Creatures
  An adder (D:3)
  4 ball pythons (D:1)
  5 bats (D:1)
  3 endoplasms
  A giant cockroach (D:1)
  5 goblins
  2 hobgoblins
  4 jackals (D:2)
  2 quokkas (D:1)
  A frilled lizard (D:1)
  A kobold (D:1)
29 creatures vanquished.

Notes
Turn   | Place    | Note
-------+----------+-------------------------------------------
     0 | D:1      | gamesnag the Minotaur Berserker began the quest for the
                  | Orb.
     0 | D:1      | Reached XP level 1. HP: 19/19 MP: 0/0
   230 | D:1      | Reached XP level 2. HP: 22/27 MP: 1/1
   433 | D:1      | Reached ** piety under Trog
   749 | D:2      | Reached XP level 3. HP: 20/33 MP: 2/2
   882 | D:3      | Identified the +7 quarterstaff "Ypseikh" {vorpal, rC+}
   888 | D:3      | Slain by an orc

Illustrated notes

Levels and vault maps discovered:
D:1:      wander_arrival_desolate, layout_loops_ring
D:2:      layout_basic, shapermc_ecumenical_altar_acropolis, uniq_terence
D:3:      layout_basic, nicolae_overflow_hallway_of_the_gods, serial_rivers,
          chequers_serial_rivers_marsh, chequers_serial_rivers_marsh,
          chequers_serial_rivers_micro_c, chequers_serial_rivers_marsh,
          chequers_serial_rivers_small_3, portal_sewer_entry_d,
          minmay_checkerbox

Skill      XL: |  1  2 |
---------------+-------+-----
Fighting       | 4 |  4.2
Axes           | 4 |  4.4
Armour         | |  2.7
Dodging        | |  2.5
Stealth        | |  0.2

Action                   || total
-------------------------++-------
Melee: Hand axe          ||    65
       Headbutt          ||    10
       Punch             ||     1
 Stab: Sleeping          ||     1
Armor: Animal skin       ||    14
Dodge: Dodged            ||    51

Table legend: (Time is in decaauts)
 A = Elapsed time spent in this place.
 B = Non-inter-level travel time spent in this place.
 C = Inter-level travel time spent in this place.
 D = Time resting spent in this place.
 E = Time spent auto-exploring this place.
 F = Levels seen in this place.
 G = Mean time per level.
                   A        B        C        D        E       F      G
               +--------+--------+--------+--------+--------+-----+--------+
         Total |    899 |    888 |     11 |     71 |    584 |   3 |  299.7 |
       Dungeon |    899 |    888 |     11 |     71 |    584 |   3 |  299.7 |
               +--------+--------+--------+--------+--------+-----+--------+

Top non-repeatable levels by time:
     D:1: 681 daAuts
     D:3: 123 daAuts
     D:2: 93 daAuts
